 Dungeon Crawl Stone Soup version 0.19.3-4-gbf9329e (webtiles) character file.

172 sveltemanboy the Destroyer (level 5, -2/28 HPs)
             Began as a Tengu Conjurer on Jan 27, 2017.
             Slain by an orc
             ... wielding a +0 mace
              (5 damage)
             ... on level 3 of the Dungeon.
             The game lasted 00:07:28 (3133 turns).

sveltemanboy the Destroyer (Tengu Conjurer)         Turns: 3133, Time: 00:07:28

Health: -2/28      AC:  3    Str:  8    XL:     5   Next: 53%
Magic:  1/9        EV: 12    Int: 17    God:
Gold:   108        SH:  0    Dex: 14    Spells: 3 memorised, 1 level left

rFire  + . .     SeeInvis .     l - +1 quarterstaff (protect)
rCold  + . .     Gourm    .     a - +0 robe
rNeg   . . .     Faith    .     (shield currently unavailable)
rPois  +         Spirit   .     (helmet restricted)
rElec  +         Reflect  .     g - +0 cloak
rCorr  +         Harm     .     (no gloves)
MR     .....                    (boots unavailable)
Stlth  ++........               (no amulet)
                                (no ring)
                                (no ring)

@: resistant
A: beak, talons 3, able to fly 1
a: Fly


You were on level 3 of the Dungeon.
You were hungry.

You visited 1 branch of the dungeon, and saw 3 of its levels.

You collected 108 gold pieces.

Inventory:

Hand Weapons
 l - a +1 quarterstaff of protection (weapon)
Armour
 a - a +0 robe (worn)
 g - a +0 cloak (worn)
 s - a +0 leather armour
Scrolls
 d - 2 scrolls of teleportation {unknown}
 e - a scroll of identify {unknown}
 i - 2 scrolls of noise {unknown}
 m - 2 scrolls of fear {unknown}
 n - a scroll of remove curse {unknown}
 o - a scroll of enchant armour {unknown}
 r - a scroll of random uselessness {unknown}
Potions
 h - 2 potions of brilliance
 k - a potion of heal wounds {unknown}
 p - a potion of resistance
Books
 b - a book of Conjurations

   Spells                             Type                      Level
   a - Magic Dart                     Conjuration                  1
   b - Searing Ray                    Conjuration                  2
   c - Dazzling Spray                 Conjuration/Hexes            3
   d - Fulminant Prism                Conjuration/Hexes            4
   e - Iskenderun's Mystic Blast      Conjuration                  4
   f - Iskenderun's Battlesphere      Conjuration/Charms           5
Comestibles
 c - 2 bread rations
 f - 3 meat rations
 j - a slice of pizza


   Skills:
 + Level 1.3 Staves
 - Level 2.1 Dodging
 - Level 2.0 Stealth
 + Level 2.3 Spellcasting
 * Level 8.2 Conjurations


You had one spell level left.
You knew the following spells:

 Your Spells              Type           Power        Failure   Level  Hunger
a - Magic Dart            Conj           ####         1%          1    #......
b - Searing Ray           Conj           ####..       1%          2    ##.....
c - Iskenderun's Mystic   Conj           ####....     10%         4    #####..


Dungeon Overview and Level Annotations

Branches:
Dungeon (3/15)

Altars:


Innate Abilities, Weirdness & Mutations

You have a beak for a mouth.
You have claws for feet.
You can fly.


Message History

Confirm with . or Enter, or press ? or * to list all spells.
Aiming: Searing Ray
Press: ? - help, Shift-Dir - straight line, f - orc priest
Aim: an orc priest, wielding a war axe The searing ray hits the orc priest.
The orc priest is moderately wounded. (Press . to maintain the ray.)
The orc priest barely misses you.
The searing ray hits the orc priest.
The orc priest is almost dead.
The orc priest hits you but does no damage.
The searing ray hits the orc priest.
You kill the orc priest!
Without enough magic to sustain it, your searing ray dissipates.
The orc hits you with a mace.
* * * LOW HITPOINT WARNING * * *
It was a potion of resistance.
You feel protected. The orc hits you with a mace.
You die...

####### #.....#
#.....############
#................#
###.....##########.# ####
#.........# #.# #...
#.###.###.########.# #.##
#.# #.#...@o).).##.#####.#
###.###.#.#.#####..........#
#.............# ####.####..#
#.#.###.#.#.#.######.####..#
#.#.# #.....#.....[........#
#.#.###)....########.l<##.##
#####.#.........# ###.##.#
......#.###.....# #.##.#
#######.###....## #.##.#


You could see an orc.

Vanquished Creatures
  2 orc priests (D:3)
  2 adders (D:2)
  An ooze (D:2)
  4 worms (D:2)
  A dart slug (D:1)
  2 leopard geckos
  10 orcs (D:3)
  A ball python (D:3)
  4 giant cockroaches
  8 goblins
  10 hobgoblins
  4 bats
  4 frilled lizards
  2 kobolds (D:2)
  11 rats
66 creatures vanquished.

Notes
Turn   | Place    | Note
-------+----------+-------------------------------------------
     0 | D:1      | sveltemanboy the Tengu Conjurer began the quest for the Orb.
     0 | D:1      | Reached XP level 1. HP: 10/10 MP: 4/4
   309 | D:1      | Reached XP level 2. HP: 15/15 MP: 0/6
   431 | D:1      | Learned a level 2 spell: Searing Ray
   446 | D:1      | Reached skill level 6 in Conjurations
  1019 | D:2      | Reached XP level 3. HP: 19/19 MP: 5/7
  1256 | D:2      | Reached skill level 7 in Conjurations
  1356 | D:2      | Reached XP level 4. HP: 24/24 MP: 3/8
  1893 | D:2      | Found a faded altar of an unknown god.
  2265 | D:3      | Learned a level 4 spell: Iskenderun's Mystic Blast
  2549 | D:3      | Reached skill level 8 in Conjurations
  2549 | D:3      | Gained mutation: You can fly. [Tengu growth]
  2549 | D:3      | Reached XP level 5. HP: 10/28 MP: 0/9
  2966 | D:3      | Reached skill level 1 in Staves
  3133 | D:3      | Slain by an orc

Skill      XL: |  1  2  3  4  5 |
---------------+----------------+-----
Conjurations   | 6 7 8 |  8.2
Staves         | 1 |  1.3
Dodging        | |  2.1
Stealth        | |  2.0
Spellcasting   | |  2.3

Action                   |  1- 3 |  4- 6 || total
-------------------------+-------+-------++-------
Melee: Quarterstaff      |       |    22 ||    22
       Kick              |       |     2 ||     2
       Unarmed           |       |     1 ||     1
       Peck              |       |     1 ||     1
 Cast: Magic Dart        |    48 |    43 ||    91
       Searing Ray       |     4 |     7 ||    11
  Use: Potion            |     2 |     1 ||     3
 Stab: Sleeping          |       |     1 ||     1
  Eat: Chunk             |     2 |     6 ||     8
Armor: Robe              |       |    10 ||    10
Dodge: Dodged            |     1 |    29 ||    30
